 Dungeon Crawl Stone Soup version 0.24.0-13-gcf9b3192b9 (webtiles) character file.

Game seed: 17404218342188368891, levelgen mode: deterministic

326 Monsterracer the Stinger (level 6, 0/32 HPs)
             Began as a Kobold Venom Mage on Nov 7, 2019.
             Was a Believer of Elyvilon.
             Slain by Alzound's ghost (10 damage)
             ... on level 3 of the Dungeon.
             The game lasted 00:06:23 (2798 turns).

Monsterracer the Stinger (Kobold Venom Mage)        Turns: 2798, Time: 00:06:23

Health: 0/32       AC:  3    Str:  7    XL:     6   Next: 79%
Magic:  6/11       EV: 15    Int: 17    God:    Elyvilon [**....]
Gold:   125        SH:  0    Dex: 15    Spells: 2/12 levels left

rFire    . . .     SeeInvis .   d - +0 dagger
rCold    . . .     Gourm    .   (shield restricted)
rNeg     . . .     Faith    .   a - +0 robe
rPois    +         Spirit   .   (no helmet)
rElec    .         Reflect  .   f - +0 cloak
rCorr    .         Harm     .   (no gloves)
MR       .....                  (no boots)
Stlth    ++........             b - amulet of magic regeneration
HPRegen  0.10/turn              (no ring)
MPRegen  0.37/turn              (no ring)

@: lethally poisoned (0 -> -8), slowed, lightly drained, very slow
A: small, carnivore, dopey 1, poison resistance, strong 1, subdued magic 1
a: Lesser Healing, Heal Other, Divine Protection, Renounce Religion


You were on level 3 of the Dungeon.
You worshipped Elyvilon.
Elyvilon was pleased with you.
You were completely stuffed.

You visited 1 branch of the dungeon, and saw 3 of its levels.

You collected 125 gold pieces.

Inventory:

Hand Weapons
 d - a +0 dagger (weapon)
   (You took it off a kobold on level 1 of the Dungeon)
Armour
 a - a +0 robe (worn)
 f - a +0 cloak (worn)
   (You found it on level 1 of the Dungeon)
 q - a +0 buckler
   (You found it on level 3 of the Dungeon)
Jewellery
 b - an amulet of magic regeneration (around neck)
   (You found it on level 1 of the Dungeon)
 n - an uncursed ring of protection from fire {unknown}
   (You found it on level 2 of the Dungeon)
Scrolls
 e - 2 scrolls of amnesia {unknown}
 i - 6 scrolls of identify {unknown}
 l - 4 scrolls of teleportation {unknown}
 m - a scroll of fog {unknown}
 o - 2 scrolls of blinking {unknown}
 p - a scroll of fear {unknown}
 r - a scroll of noise {unknown}
 t - a scroll of immolation {unknown}
Potions
 g - 3 potions of invisibility
 s - a potion of agility {unknown}
Comestibles
 c - 10 rations


   Skills:
 - Level 2.4(2.3) Dodging
 - Level 2.6 Stealth
 + Level 3.5 Spellcasting
 * Level 4.0 Conjurations
 * Level 5.0 Poison Magic


You had 2 spell levels left.
You knew the following spells:

 Your Spells              Type           Power        Failure   Level  Hunger
a - Poisonous Vapours     Pois/Air       #.....       7%          2    ##.....
c - Mephitic Cloud        Conj/Pois/Air  ##......     12%         3    ###....
d - Olgreb's Toxic Radia  Pois           ###.....     19%         4    ####...
j - Sting                 Conj/Pois      ##..         1%          1    None

Your spell library contained the following spells:

 Spells                   Type           Power        Failure   Level  Hunger
 Venom Bolt               Conj/Pois      ##........   54%         5    ######.


Dungeon Overview and Level Annotations

Branches:
Dungeon (3/15)

Altars:
Elyvilon

Annotations:
D:3 Alzound's ghost, amateur MiBe


Innate Abilities, Weirdness & Mutations

You are small and have problems with some larger weapons.
You are carnivorous and can eat meat at any time.
You are dopey. (Int -2)
Your system is resistant to poisons. (rPois)
Your muscles are strong. (Str +2)
Your spells are a little easier to cast, but a little less powerful.


Message History

You flicker for a moment.
You flicker back into view.
c - 10 rations (gained 1)
You start to feel less resistant.
i - 6 scrolls labeled TOAXZOO TYGIUS (gained 2)
Your resistance to elements expires.
You see here a +0 short sword.
You see here 3 poisoned darts.
You see here 2 poisoned darts.
Your magical contamination has completely faded away.
A worm comes into view.
A worm is nearby!
A worm is nearby!
A worm is nearby!
Casting: Poisonous Vapours (safe; 8% risk of failure)
Confirm with . or Enter, or press ? or * to list all spells.
Aiming: Sting (safe; 2% risk of failure)
Press: ? - help, Shift-Dir - straight line, f - worm
Aim: a worm (hasn't noticed you)
The sting misses the worm.
Casting: Sting (safe; 2% risk of failure)
Confirm with . or Enter, or press ? or * to list all spells.
Aiming: Sting (safe; 2% risk of failure)
Press: ? - help, Shift-Dir - straight line, f/p - worm
Aim: a worm The sting hits the worm.
The worm is moderately wounded.
Casting: Sting (safe; 2% risk of failure)
Confirm with . or Enter, or press ? or * to list all spells.
Aiming: Poisonous Vapours (safe; 8% risk of failure)
Press: ? - help, Dir - move target cursor, f/p - worm
Aim: a worm (moderately wounded) Poisonous vapours surround the worm!
The worm is engulfed in poison gas.
The worm is poisoned.
Casting: Poisonous Vapours (safe; 8% risk of failure)
Confirm with . or Enter, or press ? or * to list all spells.
Aiming: Poisonous Vapours (safe; 8% risk of failure)
Press: ? - help, Dir - move target cursor, f/p - worm
Aim: a worm (heavily wounded, poisoned) Poisonous vapours surround the worm!
The worm is engulfed in poison gas.
The worm looks even sicker.
You kill the worm!
Okay, then.
Partly explored, can't reach some items.
Partly explored, can't reach some items.
Partly explored, can't reach some items.
Eating a chunk of flesh.
You eat the chunk of flesh.
This raw flesh tastes great.
You see here a worm corpse.
The kobold shouts!
You hear a shout!
The kobold shouts! x2; You hear a shout!
Alzound's ghost turns its malevolent gaze towards you.
As you open the gate, it creaks loudly!
The big kobold shouts!
Casting: Poisonous Vapours (safe; 8% risk of failure)
Confirm with . or Enter, or press ? or * to list all spells.
You begin to radiate toxic energy.
The kobold is poisoned. x2
The big kobold is poisoned.
The kobold is poisoned. x3
The big kobold is poisoned.
The kobold looks even sicker.
The big kobold looks even sicker.
The kobold looks even sicker. x3
The big kobold looks even sicker.
You kill the kobold! x2
The big kobold throws a curare-tipped dart.
The curare-tipped dart hits you.
Casting: Olgreb's Toxic Radiance (slightly dangerous; 21% risk of failure)
Confirm with . or Enter, or press ? or * to list all spells.
Your toxic radiance grows in intensity.
You kill the kobold!
The kobold looks even sicker.
The big kobold looks even sicker.
You kill the kobold! x2
The big kobold throws a curare-tipped dart.
The curare-tipped dart barely misses you.
Alzound's ghost hits you.
The big kobold throws a curare-tipped dart.
The curare-tipped dart hits you.
You are poisoned.
You have difficulty breathing.
You feel yourself slow down.
You see here a curare-tipped dart.
The big kobold looks even sicker.
Your toxic aura wanes.
You feel sick.
The big kobold hits you with a +1 short sword of draining.
* * * LOW HITPOINT WARNING * * *
You feel drained.
* * * LOW HITPOINT WARNING * * *
Okay, then.
Okay, then.
Press: ? - help, v - describe, . - travel, g - get item
Here: a big kobold, wielding a +1 short sword of draining (heavily wounded, poisoned)
A curare-tipped dart.
The floor.
Unknown command.
Okay, then.
You feel sick.
* * * LOW HITPOINT WARNING * * *
You feel sick. The big kobold completely misses you.
You feel sick.
Your Conjurations skill increases to level 4!
Your Poison Magic skill increases to level 5!
You feel a bit more experienced. Alzound's ghost hits you!
You die...

#)#.##......#####
....†..........>#
..#.##).....###.#
..#.##......# #.#
)...........###.#
........(.....#.#
............###.#
.....(......#.#.###
.<............#.@.##
...........####.#W.#
...........#####K..#
..........##.8.##..#
..#########...))#(.#
..#####..#$.###.†.(#
..#......#?..)..(..#
.........#..###.'.##
.#.......##.....#.#


You could see Alzound's ghost.

Vanquished Creatures
  Sigmund (D:2)
  A big kobold (D:3)
  Terence (D:2)
  A gnoll (D:1)
  An adder (D:3)
  3 worms (D:2 D:3)
  A dart slug (D:1)
  4 leopard geckos (D:1 D:2)
  2 giant cockroaches (D:1 D:2)
  7 goblins (D:1 D:2 D:3)
  3 hobgoblins (D:1 D:2 D:3)
  A quokka (D:3)
  A bat (D:2)
  A frilled lizard (D:3)
  12 kobolds (D:1 D:2 D:3)
  5 rats (D:1 D:2 D:3)
45 creatures vanquished.

Vanquished Creatures (others)
  2 fungi (D:3)
  2 plants (D:3)
4 creatures vanquished.

Grand Total: 49 creatures vanquished

Notes
Turn   | Place    | Note
-------+----------+-------------------------------------------
     0 | D:1      | Monsterracer the Kobold Venom Mage began the quest for the
                  | Orb.
     0 | D:1      | Reached XP level 1. HP: 10/10 MP: 3/3
   241 | D:1      | Reached XP level 2. HP: 15/15 MP: 3/5
   245 | D:1      | Learned a level 2 spell: Poisonous Vapours
   345 | D:1      | HP: 1/15 [gnoll (7)]
   360 | D:1      | Reached XP level 3. HP: 2/19 MP: 1/6
   365 | D:1      | Learned a level 3 spell: Mephitic Cloud
  1087 | D:2      | Noticed Sigmund
  1100 | D:2      | Killed Sigmund
  1100 | D:2      | Reached skill level 4 in Poison Magic
  1100 | D:2      | Reached XP level 4. HP: 24/24 MP: 3/8
  1100 | D:2      | Reached XP level 5. HP: 28/28 MP: 3/9
  1100 | D:2      | Reached XP level 6. HP: 32/32 MP: 3/10
  1106 | D:2      | Learned a level 4 spell: Olgreb's Toxic Radiance
  1149 | D:2      | Found a faded altar of an unknown god.
  1156 | D:2      | Became a worshipper of Elyvilon the Healer
  1156 | D:2      | Reached * piety under Elyvilon
  1248 | D:2      | Noticed Terence
  1268 | D:2      | Killed Terence
  1896 | D:3      | Reached ** piety under Elyvilon
  1927 | D:3      | Found a runed translucent gate.
  1928 | D:3      | Found a runed translucent gate.
  1930 | D:3      | Found a runed translucent gate.
  1932 | D:3      | Noticed Alzound's ghost (amateur MiBe)
  2599 | D:3      | Gained mutation: Your spells are a little easier to cast,
                  | but a little less powerful. [potion of mutation]
  2599 | D:3      | Gained mutation: You are dopey. (Int -2) [potion of
                  | mutation]
  2599 | D:3      | Gained mutation: Your system is resistant to poisons.
                  | (rPois) [potion of mutation]
  2599 | D:3      | Gained mutation: Your muscles are strong. (Str +2) [potion
                  | of mutation]
  2795 | D:3      | HP: 14/32 [big kobold/+1 short sword of draining (4)]
  2798 | D:3      | Reached skill level 5 in Poison Magic
  2798 | D:3      | Slain by Alzound's ghost

Levels and vault maps discovered:
D:1:      minmay_arrival_radiant_lines, layout_basic
D:2:      layout_basic, first_ration, chequers_ecumenical_altar_simple_redux,
          uniq_sigmund, uniq_terence
D:3:      layout_basic, gammafunk_ghost_nasty_kobolds, kennysheep_generic_room_3

Skill      XL: |  1  2  3  4  5  6 |
---------------+-------------------+-----
Conjurations   | 3 4 |  4.0
Spellcasting   | 3 |  3.5
Poison Magic   | 4 5 |  5.0
Dodging        | |  2.4
Stealth        | |  2.6

Action                   |  1- 3 |  4- 6 || total
-------------------------+-------+-------++-------
Melee: Dagger            |     6 |     8 ||    14
 Cast: Sting             |    34 |    35 ||    69
       Poisonous Vapours |     6 |    12 ||    18
       Mephitic Cloud    |     1 |       ||     1
       Olgreb's Toxic Ra |       |     2 ||     2
Invok: Lesser Healing    |       |     1 ||     1
  Use: Potion            |       |     4 ||     4
  Eat: Chunk             |     9 |     7 ||    16
Armor: Robe              |     2 |     2 ||     4
Dodge: Dodged            |     7 |    13 ||    20
